AoeStats
← VX | Oblígame Perro!

Lombardia

508803988Analyzed
4v4 RM · 9d ago on Sep 24, 2026· 19m 38s· 8 players
Game mode
Random Map
Map size
Large (8 player)
Population
200
Speed
Normal
Resources
Standard
Victory
Conquest
Starting age
Dark Age
Ending age
Imperial Age
RankedLock teamsTeams togetherTeam positionsShared explorationLock speedFull tech treeHidden civsTurbo modeCheats
Victory
Defeat
🇲🇽 Spanish · Mexico
1723
+10
🇨🇱 Saxons · Chile
1675
+12
🇲🇽 Hindustanis · Mexico
1585
+16
🇲🇽 Magyars · Mexico
1446
+21
🇲🇽 Saracens · Mexico
1714
-20
🇲🇽 Hindustanis · Mexico
1583
-15
🇨🇱 Magyars · Chile
1566
-14
1464
-10
AiM | Fubuki Sinri
6:22 Loom
9:01 Feudal Age
12:39 Double-Bit Axe
12:45 Horse Collar
AiM | CaballeroTemplario
7:19 Loom
11:21 Feudal Age
16:04 Castle Age
13:58 Double-Bit Axe
14:53 Scale Barding Armor
15:10 Forging
16:14 Bloodlines
20:09 Husbandry
AiM | CyclopsTron
6:28 Loom
8:57 Feudal Age
12:55 Fletching
AiM | PoRRo
8:50 Loom
10:35 Feudal Age
11:02 Man-at-Arms
12:05 Double-Bit Axe
12:55 Arson
21:53 Castle Age
VX | Oblígame Perro!
7:15 Loom
10:00 Feudal Age
14:59 Scale Barding Armor
15:35 Double-Bit Axe
LvT | ZcPeter
9:00 Feudal Age
9:28 Double-Bit Axe
10:58 Town Watch
14:35 Loom
14:47 Horse Collar
16:44 Wheelbarrow
22:02 Castle Age
Vx | Boomin
10:05 Feudal Age
14:28 Castle Age
13:58 Double-Bit Axe
14:25 Loom
David Rasie
6:41 Loom
9:14 Feudal Age
10:12 Double-Bit Axe
11:23 Man-at-Arms
14:53 Fletching
18:58 Horse Collar
Connection lost

Rejoining the realm…

Still unreachable

The connection could not be restored.

Session expired

The server has moved on; the page needs a fresh start.